 Dungeon Crawl Stone Soup version 0.30.0-5-g1a98f26d00 (webtiles) character file.

Game seed: 6603603924293085167

39 fozzywoppz the Chopper (level 3, 0/37 HPs)
             Began as an Ogre Gladiator on May 11, 2023.
             Frozen to death by an endoplasm (4 damage)
             ... on level 2 of the Dungeon.
             The game lasted 00:01:55 (1393 turns).

fozzywoppz the Chopper (Ogre Gladiator)             Turns: 1393, Time: 00:01:56

Health: 0/37       AC:  3    Str: 18    XL:     3   Next: 47%
Magic:  3/3        EV: 10    Int:  9    God:
Gold:   80         SH:  0    Dex: 12    Spells: 2/2 levels left

rFire   . . .        a - +0 war axe
rCold   . . .        (no shield)
rNeg    . . .        b - +0 robe
rPois   .            c - +0 hat
rElec   .            (no cloak)
rCorr   .            (gloves unavailable)
SInv    .            (boots unavailable)
Will    .....        l - amulet of magic regeneration
Stlth   +            (no ring)
HPRegen 0.26/turn    (no ring)
MPRegen 0.48/turn

%: no passive effects
@: no status effects
A: large, unfitting armour, tough skin 1
a: no special abilities


You were on level 2 of the Dungeon.
You visited 1 branch of the dungeon, and saw 2 of its levels.

You collected 80 gold pieces.

Inventory:

Hand Weapons
 a - a +0 war axe (weapon)
Missiles
 d - 3 throwing nets (quivered)
 e - a large rock
Armour
 b - a +0 robe (worn)
 c - a +0 hat (worn)
Jewellery
 l - an amulet of magic regeneration (around neck)
Scrolls
 f - a scroll of teleportation {unknown}
 i - 3 scrolls of identify {unknown}
 j - a scroll of vulnerability {unknown}
Potions
 g - a potion of magic {unknown}
 h - 2 potions of attraction {unknown}
 k - a potion of curing {unknown}
 m - a potion of mutation {unknown}
 n - 2 potions of might {unknown}


   Skills:
 + Level 3.3 Fighting
 + Level 4.0 Axes
 - Level 2.0 Throwing
 - Level 2.6 Dodging
 - Level 0.4 Stealth


You had 2 spell levels left.
You didn't know any spells.
Your spell library was empty.

Dungeon Overview and Level Annotations

Branches:
Dungeon (2/15)

Altars:

Annotations:
D:2 Jessica


Innate Abilities, Weirdness & Mutations

You are too large for most types of armour.
You have tough skin. (AC +1)


Message History

You hit the endoplasm but do no damage.
The endoplasm is almost dead.
The endoplasm freezes you.
You are frozen.
You hit the endoplasm.
You kill the endoplasm!
No target in view!
Found 21 gold pieces.
Found a stone staircase leading up.
Found a sling.
You now have 65 gold pieces (gained 6).
You now have 80 gold pieces (gained 15).
Jessica the Apprentice Sorceress comes into view.
She is wielding a +0 club and wearing a +2 robe of fire resistance.
Found 8 stones.
Jessica shouts!
Jessica mumbles some strange words.
Jessica seems to speed up.
You see here 2 scrolls labelled LUIVOFR ROLOFU.
You hit Jessica.
Jessica is lightly wounded.
Jessica hits you with a +0 club.
An endoplasm comes into view.
Jessica hits you with a +0 club.
You hit Jessica but do no damage.
Jessica is lightly wounded.
Jessica closely misses you. x2
There are monsters nearby!
You closely miss Jessica.
Jessica is lightly wounded.
Jessica shouts, "You're disturbing me!
I'll have to kill you!"
Jessica points at you and mumbles some strange words.
Pain shoots through your body! The endoplasm freezes you.
You are frozen.
Jessica closely misses you.
You barely miss Jessica. You hit the endoplasm.
Jessica points at you and mumbles some strange words.
Pain shoots through your body!
* * * LOW HITPOINT WARNING * * *
The endoplasm freezes you.
You are frozen.
You die...

#.....# #.# #.#.. .
###.### .# #.# #..
#.# #.# ### ###.#
#.# ....## #.# ....
#..# ## ..#####J.#
.. .......@@.# ##
#..######.# ## ..#
#.# .. ..# #.# ##
#.# #.# ####### #.#
#.#
......####.######.#
#####.##..........#
.....>............#


You could see Jessica (fast) and an endoplasm.

Vanquished Creatures
  A dart slug (D:2)
  8 endoplasms
  3 jackals (D:2)
  4 kobolds
  7 ball pythons
  7 bats
  3 frilled lizards
  4 rats (D:1)
37 creatures vanquished.

Notes
Turn   | Place    | Note
-------+----------+-------------------------------------------
     0 | D:1      | fozzywoppz the Ogre Gladiator began the quest for the Orb.
     0 | D:1      | Reached XP level 1. HP: 22/22 MP: 1/1
   264 | D:1      | Reached XP level 2. HP: 26/29 MP: 2/2
  1078 | D:2      | Reached XP level 3. HP: 34/37 MP: 3/3
  1245 | D:2      | Reached skill level 4 in Axes
  1388 | D:2      | Noticed Jessica
  1393 | D:2      | Frozen to death by an endoplasm

Illustrated notes

Levels and vault maps discovered:
D:1:      dpeg_arrival_tiny_i, layout_loops_corners, serial_bayou,
          serial_bayou_pond_c, serial_bayou_pond_a, serial_bayou_pond_a,
          serial_bayou_lagoon_a, chequers_serial_rivers_micro_a,
          grunt_decor_arrowhead, minmay_fountain_box, minmay_cut_off
D:2:      layout_loops_ring, minmay_misc_feat_x, uniq_jessica

Skill      XL: |  1  2  3 |
---------------+----------+-----
Fighting       | 3 |  3.3
Axes           | 4 |  4.0
Throwing       | |  2.0
Dodging        | |  2.6
Stealth        | |  0.4

Action                     || total
---------------------------++-------
  Melee: War axe           ||   104
   Stab: Sleeping          ||     1
 Armour: Robe              ||    41
  Dodge: Dodged            ||    72
